| TOP OF THE 1ST |
|
Windy City ThunderBolts batting - Pitching for Brockton Rox : RHP Jeff Williams
|
|
Pitching: RHP Jeff Williams
|
|
|
Batting: RHB Joe Thomas
|
0-0: SINGLE (Line Drive, 56D, EV 105.6 MPH)
|
|
Batting: RHB Eddie Dimas
|
0-0: Ground out U3 (Groundball, 3S, EV 73.8 MPH) Joe Thomas to second
|
|
Batting: SHB Danny Gallegos
|
0-0: DOUBLE (Flyball, 8LXD, EV 91.9 MPH) Joe Thomas scores
|
|
Batting: RHB Ricky Avila
|
0-0: Called Strike 0-1: Ball 1-1: Foul Ball, location: 2F 1-2: Strikes out swinging
|
|
Batting: RHB Nhat Phong
|
0-0: Swinging Strike 0-1: Swinging Strike 0-2: Ball 1-2: Foul Ball, location: 2F 1-2: Strikes out looking
|
| Top of the 1st over - 1 run, 2 hits, 0 errors, 1 left on base; Windy City 1 - Brockton 0 |
| BOTTOM OF THE 1ST |
|
Brockton Rox batting - Pitching for Windy City ThunderBolts : RHP Mike Brungardt
|
|
Pitching: RHP Mike Brungardt
|
|
|
Batting: RHB Joe Lewis
|
0-0: Called Strike 0-1: Foul Ball, location: 2F 0-2: Ball 1-2: Ball 2-2: Strikes out swinging
|
|
Batting: RHB Jose Blocker
|
0-0: Called Strike 0-1: Ball 1-1: Called Strike 1-2: Ball 2-2: Strikes out swinging
|
|
Batting: LHB Eric Gaugler
|
0-0: Ball 1-0: Called Strike 1-1: Ball 2-1: Swinging Strike 2-2: Strikes out looking
|
| Bottom of the 1st over - 0 runs, 0 hits, 0 errors, 0 left on base; Windy City 1 - Brockton 0 |
| TOP OF THE 2ND |
|
Windy City ThunderBolts batting - Pitching for Brockton Rox : RHP Jeff Williams
|
|
Batting: RHB Miguel Pacheco
|
0-0: Ball 1-0: Ball 2-0: Ball 3-0: Base on Balls
|
|
Batting: RHB Dave Dominguez
|
0-0: Ball 1-0: Fly out, F7 (Flyball, 7, EV 82.5 MPH)
|
|
Batting: RHB Klaus Brown
|
0-0: Called Strike 0-1: Ball 1-1: Ball 2-1: Ball 3-1: Fly out, F9 (Flyball, 9S, EV 90.0 MPH)
|
|
Batting: RHB Sim Damit
|
0-0: Ball 1-0: Ball 2-0: Ball 3-0: Called Strike 3-1: Fielders Choice at 2nd, 6-4 (Groundball, 6, EV 84.4 MPH)
|
| Top of the 2nd over - 0 runs, 0 hits, 0 errors, 1 left on base; Windy City 1 - Brockton 0 |
| BOTTOM OF THE 2ND |
|
Brockton Rox batting - Pitching for Windy City ThunderBolts : RHP Mike Brungardt
|
|
Batting: RHB Bob Reichley
|
0-0: Foul Ball, location: 2F 0-1: Ball 1-1: Foul Ball, location: 2F 1-2: Ball 2-2: Ball 3-2: Foul Ball, location: 2F 3-2: Strikes out looking
|
|
Batting: SHB Mel Gonzalez
|
0-0: Ball 1-0: Ball 2-0: Ball 3-0: Called Strike 3-1: Called Strike 3-2: Strikes out swinging
|
|
Batting: LHB Kenny Jackson
|
0-0: Ball 1-0: Called Strike 1-1: Called Strike 1-2: Ground out 6-3 (Groundball, 6, EV 83.1 MPH)
|
| Bottom of the 2nd over - 0 runs, 0 hits, 0 errors, 0 left on base; Windy City 1 - Brockton 0 |
| TOP OF THE 3RD |
|
Windy City ThunderBolts batting - Pitching for Brockton Rox : RHP Jeff Williams
|
|
Batting: RHB Joe Thomas
|
0-0: SINGLE (Line Drive, 34D, EV 98.1 MPH)
|
|
Batting: RHB Eddie Dimas
|
0-0: SINGLE (Line Drive, 34, EV 107.5 MPH) Joe Thomas to second
|
|
Batting: SHB Danny Gallegos
|
0-0: Swinging Strike 0-1: Ball 1-1: Foul Ball, location: 2F 1-2: Strikes out swinging
|
|
Batting: RHB Ricky Avila
|
0-0: Foul Ball, location: 2F 0-1: Foul Ball, location: 2F 0-2: Ball 1-2: Strikes out swinging
|
|
Batting: RHB Nhat Phong
|
0-0: Fly out, F8 (Flyball, 8LM, EV 75.6 MPH)
|
| Top of the 3rd over - 0 runs, 2 hits, 0 errors, 2 left on base; Windy City 1 - Brockton 0 |
| BOTTOM OF THE 3RD |
|
Brockton Rox batting - Pitching for Windy City ThunderBolts : RHP Mike Brungardt
|
|
Batting: RHB Panam Palmer
|
0-0: Called Strike 0-1: Ball 1-1: SOLO HOME RUN (Flyball, 7D, EV 104.4 MPH), Distance : 397 ft
|
|
Batting: LHB Isaiah Spitzbarth
|
0-0: Ball 1-0: Ground out 6-3 (Groundball, 6M, EV 110.0 MPH)
|
|
Batting: LHB Darby Starburster
|
0-0: Called Strike 0-1: Foul Ball, location: 2F 0-2: Ball 1-2: Foul Ball, location: 2F 1-2: Ball 2-2: Strikes out swinging
|
|
Batting: RHB Joe Lewis
|
0-0: Swinging Strike 0-1: SINGLE (Groundball, 4M, EV 102.5 MPH)
|
|
Batting: RHB Jose Blocker
|
0-0: Fly out, F9 (Flyball, 9, EV 89.4 MPH)
|
| Bottom of the 3rd over - 1 run, 2 hits, 0 errors, 1 left on base; Windy City 1 - Brockton 1 |
| TOP OF THE 4TH |
|
Windy City ThunderBolts batting - Pitching for Brockton Rox : RHP Jeff Williams
|
|
Batting: RHB Miguel Pacheco
|
0-0: Ground out U3 (Groundball, 3L, EV 84.4 MPH)
|
|
Batting: RHB Dave Dominguez
|
0-0: Called Strike 0-1: Foul Ball, location: 2F 0-2: Ground out 6-3 (Groundball, 6, EV 82.5 MPH)
|
|
Batting: RHB Klaus Brown
|
0-0: Ball 1-0: Called Strike 1-1: Called Strike 1-2: Ball 2-2: Foul Ball, location: 2F 2-2: Strikes out swinging
|
| Top of the 4th over - 0 runs, 0 hits, 0 errors, 0 left on base; Windy City 1 - Brockton 1 |
| BOTTOM OF THE 4TH |
|
Brockton Rox batting - Pitching for Windy City ThunderBolts : RHP Mike Brungardt
|
|
Batting: LHB Eric Gaugler
|
0-0: Called Strike 0-1: Foul Ball, location: 2F 0-2: Strikes out swinging
|
|
Batting: RHB Bob Reichley
|
0-0: Called Strike 0-1: Called Strike 0-2: Strikes out swinging
|
|
Batting: SHB Mel Gonzalez
|
0-0: SINGLE (Groundball, 6MD, EV 98.8 MPH)
|
|
Batting: LHB Kenny Jackson
|
0-0: Ball 1-0: Foul Ball, location: 2F 1-1: Called Strike 1-2: Foul Ball, location: 2F 1-2: Ball 2-2: Foul Ball, location: 2F 2-2: Ball 3-2: Strikes out swinging
|
| Bottom of the 4th over - 0 runs, 1 hit, 0 errors, 1 left on base; Windy City 1 - Brockton 1 |
| TOP OF THE 5TH |
|
Windy City ThunderBolts batting - Pitching for Brockton Rox : RHP Jeff Williams
|
|
Batting: RHB Sim Damit
|
0-0: Called Strike 0-1: Swinging Strike 0-2: Foul Ball, location: 2F 0-2: Ball 1-2: Strikes out looking
|
|
Batting: RHB Joe Thomas
|
0-0: Ball 1-0: Ball 2-0: Ground out 3-1 (Groundball, 13, EV 84.4 MPH)
|
|
Batting: RHB Eddie Dimas
|
0-0: Ball 1-0: Ground out 4-3 (Groundball, 4, EV 78.8 MPH)
|
| Top of the 5th over - 0 runs, 0 hits, 0 errors, 0 left on base; Windy City 1 - Brockton 1 |
| BOTTOM OF THE 5TH |
|
Brockton Rox batting - Pitching for Windy City ThunderBolts : RHP Mike Brungardt
|
|
Batting: RHB Panam Palmer
|
0-0: Fly out, F9 (Flyball, 9LM, EV 88.1 MPH)
|
|
Batting: LHB Isaiah Spitzbarth
|
0-0: Fly out, F9 (Flyball, 9D, EV 106.9 MPH)
|
|
Batting: LHB Darby Starburster
|
0-0: Ball 1-0: Swinging Strike 1-1: Ball 2-1: Ball 3-1: Called Strike 3-2: Strikes out swinging
|
| Bottom of the 5th over - 0 runs, 0 hits, 0 errors, 0 left on base; Windy City 1 - Brockton 1 |
| TOP OF THE 6TH |
|
Windy City ThunderBolts batting - Pitching for Brockton Rox : RHP Jeff Williams
|
|
Batting: SHB Danny Gallegos
|
0-0: Foul Ball, location: 2F 0-1: Ball 1-1: Ball 2-1: Ball 3-1: Called Strike 3-2: Base on Balls
|
|
Batting: RHB Ricky Avila
|
0-0: Swinging Strike 0-1: Grounds into double play, 5-4-3 (Groundball, 5, EV 83.8 MPH)
|
|
Batting: RHB Nhat Phong
|
0-0: Ball 1-0: Swinging Strike 1-1: Called Strike 1-2: Ball 2-2: Strikes out swinging
|
| Top of the 6th over - 0 runs, 0 hits, 0 errors, 0 left on base; Windy City 1 - Brockton 1 |
| BOTTOM OF THE 6TH |
|
Brockton Rox batting - Pitching for Windy City ThunderBolts : RHP Mike Brungardt
|
|
Batting: RHB Joe Lewis
|
0-0: Ball 1-0: Ball 2-0: Ball 3-0: Called Strike 3-1: Swinging Strike 3-2: Base on Balls
|
|
Batting: RHB Jose Blocker
|
0-0: Called Strike 0-1: Foul Ball, location: 2F 0-2: Ball 1-2: Foul Ball, location: 2F 1-2: Strikes out swinging
|
|
Batting: LHB Eric Gaugler
|
0-0: Ball 1-0: Ball 2-0: Foul Ball, location: 2F 2-1: Foul Ball, location: 2F 2-2: Ball 3-2: Base on Balls Joe Lewis to second
|
|
Batting: RHB Bob Reichley
|
0-0: Swinging Strike 0-1: Ball 1-1: Fly out, F8 (Flyball, 8LD, EV 108.8 MPH)
|
|
Batting: SHB Mel Gonzalez
|
0-0: Ball 1-0: Foul Ball, location: 2F 1-1: Ball 2-1: Ball 3-1: Base on Balls Joe Lewis to third Eric Gaugler to second
|
|
Batting: LHB Kenny Jackson
|
0-0: Ground out 4-3 (Groundball, 13, EV 88.8 MPH)
|
| Bottom of the 6th over - 0 runs, 0 hits, 0 errors, 3 left on base; Windy City 1 - Brockton 1 |
| TOP OF THE 7TH |
|
Windy City ThunderBolts batting - Pitching for Brockton Rox : RHP Jeff Williams
|
|
Batting: RHB Miguel Pacheco
|
0-0: Called Strike 0-1: Called Strike 0-2: Strikes out swinging
|
|
Batting: RHB Dave Dominguez
|
0-0: Ball 1-0: Ball 2-0: Ground out 6-3 (Groundball, 6, EV 78.1 MPH)
|
|
Batting: RHB Klaus Brown
|
0-0: Called Strike 0-1: Called Strike 0-2: Ball 1-2: Ball 2-2: Fly out, F9 (Flyball, 9D, EV 98.8 MPH)
|
| Top of the 7th over - 0 runs, 0 hits, 0 errors, 0 left on base; Windy City 1 - Brockton 1 |
| BOTTOM OF THE 7TH |
|
Brockton Rox batting - Pitching for Windy City ThunderBolts : RHP Mike Brungardt
|
|
Batting: RHB Panam Palmer
|
0-0: Swinging Strike 0-1: Fly out, F8 (Flyball, 8RXD, EV 90.6 MPH)
|
|
Batting: LHB Isaiah Spitzbarth
|
0-0: Called Strike 0-1: SINGLE (Line Drive, 34D, EV 99.4 MPH)
|
|
Batting: LHB Darby Starburster
|
0-0: Called Strike 0-1: Ball 1-1: Ball 2-1: Foul Ball, location: 2F 2-2: Ball 3-2: Strikes out swinging
|
|
Batting: RHB Joe Lewis
|
0-0: Called Strike 0-1: Swinging Strike 0-2: Strikes out looking
|
| Bottom of the 7th over - 0 runs, 1 hit, 0 errors, 1 left on base; Windy City 1 - Brockton 1 |
| TOP OF THE 8TH |
|
Windy City ThunderBolts batting - Pitching for Brockton Rox : RHP Jeff Williams
|
|
Pitching: RHP Wu-sheng Zi
|
|
|
Batting: RHB Sim Damit
|
0-0: Ball 1-0: Called Strike 1-1: Ball 2-1: Swinging Strike 2-2: Strikes out looking
|
|
Batting: RHB Joe Thomas
|
0-0: Ground out 6-3 (Groundball, 6, EV 98.1 MPH)
|
|
Batting: RHB Eddie Dimas
|
0-0: Called Strike 0-1: Ground out 6-3 (Groundball, 6, EV 85.0 MPH)
|
| Top of the 8th over - 0 runs, 0 hits, 0 errors, 0 left on base; Windy City 1 - Brockton 1 |
| BOTTOM OF THE 8TH |
|
Brockton Rox batting - Pitching for Windy City ThunderBolts : RHP Mike Brungardt
|
|
Pitching: RHP Frank Lankford
|
|
|
Pinch Hitting: SHB Jose Santiago
|
0-0: Ball 1-0: Foul Ball, location: 2F 1-1: Ball 2-1: Called Strike 2-2: Ball 3-2: Fly out, F5 (Popup, 5SF, EV 83.1 MPH)
|
|
Batting: LHB Eric Gaugler
|
0-0: Called Strike 0-1: Ball 1-1: Swinging Strike 1-2: Strikes out swinging
|
|
Batting: RHB Bob Reichley
|
0-0: SINGLE (Line Drive, 9S, EV 94.4 MPH)
|
|
Batting: SHB Mel Gonzalez
|
0-0: Ball 1-0: Ball 2-0: Foul Ball, location: 2F 2-1: Ground out U3 (Groundball, 3L, EV 87.5 MPH)
|
| Bottom of the 8th over - 0 runs, 1 hit, 0 errors, 1 left on base; Windy City 1 - Brockton 1 |
| TOP OF THE 9TH |
|
Windy City ThunderBolts batting - Pitching for Brockton Rox : RHP Wu-sheng Zi
|
|
Now at 1B: Eric McClelland
|
|
|
Batting: SHB Danny Gallegos
|
0-0: Ball 1-0: Called Strike 1-1: Swinging Strike 1-2: Ball 2-2: Foul Ball, location: 2F 2-2: Ground out 4-3 (Groundball, 4, EV 88.1 MPH)
|
|
Batting: RHB Ricky Avila
|
0-0: Ball 1-0: Called Strike 1-1: Foul Ball, location: 2F 1-2: Ball 2-2: Ball 3-2: Foul Ball, location: 2F 3-2: SINGLE (Groundball, 56, EV 98.8 MPH) (infield hit)
|
|
Pinch Hitting: RHB Camillo Bonauiti
|
0-0: Called Strike 0-1: Foul Ball, location: 2F 0-2: Strikes out swinging
|
|
Pinch Hitting: RHB Paul Holland
|
0-0: Swinging Strike 0-1: Ball 1-1: Fielders Choice at 2nd, 6-4 (Groundball, 6, EV 102.5 MPH)
|
| Top of the 9th over - 0 runs, 1 hit, 0 errors, 1 left on base; Windy City 1 - Brockton 1 |
| BOTTOM OF THE 9TH |
|
Brockton Rox batting - Pitching for Windy City ThunderBolts : RHP Frank Lankford
|
|
Pitching: LHP Dave Fairn
|
|
|
Now at 1B: Paul Holland
|
|
|
Now at 3B: Donovan Deason
|
|
|
Pinch Hitting: RHB Matt Walker
|
0-0: SINGLE (Groundball, 3S, EV 99.4 MPH)
|
|
Batting: RHB Panam Palmer
|
0-0: Called Strike 0-1: Foul Ball, location: 2F 0-2: Ball 1-2: Grounds into double play, 6-4-3 (Groundball, 6MD, EV 87.5 MPH)
|
|
Batting: RHB Ryan Davis
|
0-0: Called Strike 0-1: Foul Ball, location: 2F 0-2: Strikes out swinging
|
| Bottom of the 9th over - 0 runs, 1 hit, 0 errors, 0 left on base; Windy City 1 - Brockton 1 |
| TOP OF THE 10TH |
|
Windy City ThunderBolts batting - Pitching for Brockton Rox : RHP Wu-sheng Zi
|
|
Pitching: RHP Jason Metaxas
|
|
|
Now at 2B: Joe Lewis
|
|
|
Now at 3B: Matt Walker
|
|
|
Batting: RHB Dave Dominguez
|
0-0: Ball 1-0: Ball 2-0: TRIPLE (Flyball, 7D, EV 95.6 MPH)
|
|
Batting: RHB Klaus Brown
|
0-0: Ball 1-0: Ball 2-0: Called Strike 2-1: Foul Ball, location: 2F 2-2: Foul Ball, location: 2F 2-2: Strikes out swinging
|
|
Batting: RHB Sim Damit
|
0-0: Ball 1-0: Called Strike 1-1: Foul Ball, location: 2F 1-2: Fly out, F7 (Flyball, 7LM, EV 80.0 MPH)
|
|
Batting: RHB Joe Thomas
|
0-0: Called Strike 0-1: SINGLE (Groundball, 4MD, EV 98.8 MPH) Dave Dominguez scores
|
|
Batting: RHB Eddie Dimas
|
0-0: Called Strike 0-1: Called Strike 0-2: Ground out 4-3 (Groundball, 34S, EV 80.0 MPH)
|
| Top of the 10th over - 1 run, 2 hits, 0 errors, 1 left on base; Windy City 2 - Brockton 1 |
| BOTTOM OF THE 10TH |
|
Brockton Rox batting - Pitching for Windy City ThunderBolts : LHP Dave Fairn
|
|
Pinch Hitting: RHB Wayne Whimster
|
0-0: Called Strike 0-1: Ball 1-1: Swinging Strike 1-2: Ball 2-2: Foul Ball, location: 2F 2-2: Foul Ball, location: 2F 2-2: Strikes out looking
|
|
Batting: RHB Joe Lewis
|
0-0: Ball 1-0: Foul Ball, location: 2F 1-1: Fly out, F8 (Flyball, 8LXD, EV 94.4 MPH)
|
|
Batting: RHB Eric McClelland
|
0-0: Ball 1-0: Fly out, F3 (Popup, 3S, EV 66.9 MPH)
|
| Bottom of the 10th over - 0 runs, 0 hits, 0 errors, 0 left on base; Windy City 2 - Brockton 1 |
|